 Dungeon Crawl Stone Soup version 0.30-a0-339-g89bb51ec76 (webtiles) character file.

Game seed: 13266247979262729205

16 koil the Trooper (level 2, 0/32 HPs)
             Began as an Ogre Cinder Acolyte on Oct 31, 2022.
             Was a High Priest of Ignis.
             Slain by a kobold
             ... wielding a +0 short sword
              (2 damage)
             ... on level 1 of the Dungeon.
             The game lasted 00:00:33 (176 turns).

koil the Trooper (Ogre Cinder Acolyte)               Turns: 176, Time: 00:00:35

Health: 0/32       AC:  3    Str: 17    XL:     2   Next: 58%
Magic:  4/4        EV:  9    Int: 15    God:    Ignis [*****.]
Gold:   12         SH:  0    Dex:  4    Spells: 4/4 levels left

rFire   + . .      SeeInvis .    a - -1 hand axe (flame)
rCold   . . .      Faith    .    (no shield)
rNeg    . . .      Spirit   .    b - +0 robe
rPois   .          Reflect  .    (helmet restricted)
rElec   .          Harm     .    (no cloak)
rCorr   .          Rampage  .    (gloves unavailable)
Will    .....                    (boots unavailable)
Stlth   +.........               (no amulet)
HPRegen 0.25/turn                (no ring)
MPRegen 0.09/turn                (no ring)

@: no status effects
A: large, unfitting armour, tough skin 1
a: Renounce Religion, Fiery Armour, Foxfire Swarm, Rising Flame


You were on level 1 of the Dungeon.
You worshipped Ignis.
Ignis was extremely pleased with you.
You visited 1 branch of the dungeon, and saw 1 of its levels.

You collected 12 gold pieces.

Inventory:

Hand Weapons
 a - a -1 hand axe of flaming (weapon)
Armour
 b - a +0 robe (worn)
Scrolls
 c - a scroll of fear {unknown}
 d - a scroll of identify {unknown}
Potions
 e - a potion of heal wounds {unknown}


   Skills:
 + Level 4.2 Fighting
 + Level 3.1 Axes
 + Level 0.5 Dodging
 + Level 1.6 Spellcasting
 + Level 2.8 Fire Magic


You had 4 spell levels left.
You didn't know any spells.
Your spell library contained the following spells:

 Spells                   Type           Power      Damage    Failure   Level
 Scorch                   Fire           18%        2d6       11%         2


Dungeon Overview and Level Annotations

Branches:
Dungeon (1/15)

Altars:


Innate Abilities, Weirdness & Mutations

You are too large for most types of armour.
You have tough skin. (AC +1)


Message History

You kill the quokka!
You barely miss the goblin. The goblin hits you with a +0 club.
You barely miss the goblin. The goblin hits you with a +0 club.
* * * LOW HITPOINT WARNING * * *
You closely miss the goblin. The goblin hits you but does no damage.
You completely miss the goblin. The goblin barely misses you.
You hit the goblin. You burn the goblin.
You kill the goblin!
You barely miss the endoplasm. The endoplasm freezes you.
You are frozen.
* * * LOW HITPOINT WARNING * * *
You slash the endoplasm! You burn the endoplasm.
You kill the endoplasm!
The goblin hits you with a +0 club.
* * * LOW HITPOINT WARNING * * *
You hit the goblin. You burn the goblin.
You kill the goblin!
You hit the endoplasm but do no damage.
The endoplasm hits you but does no damage.
A kobold comes into view. It is wielding a +0 short sword.
The kobold shouts!
You hit the endoplasm. You burn the endoplasm.
The endoplasm is moderately wounded.
The endoplasm freezes you.
You are frozen.
* * * LOW HITPOINT WARNING * * *
You hit the endoplasm. You burn the endoplasm.
You kill the endoplasm!
You hit the kobold but do no damage.
The giant cockroach waves its antennae.
The kobold hits you with a +0 short sword.
* * * LOW HITPOINT WARNING * * *
You hit the giant cockroach. You burn the giant cockroach.
The giant cockroach is almost dead.
You hit the kobold but do no damage. The giant cockroach bites you.
* * * LOW HITPOINT WARNING * * *
The kobold barely misses you. The giant cockroach barely misses you.
The kobold hits you with a +0 short sword.
You die...

.. #.##................
...##............>...#.##
...[......................(
...........................
.............8.....8.......
.........................≈≈≈≈
...#...................≈≈≈≈≈≈
...........####..)...........
..#.....#.gB@K#..............
.......J#+###.......#>.$. ...
...###br..r.........#+#### #
.........g...............# #
........................# #
.......##................####
......! ##.....†.............
....... ........##..........
....... .........##..........


You could see a giant cockroach, a hobgoblin and a kobold.

Vanquished Creatures
  A dart slug (D:1)
  A bat (D:1)
  2 endoplasms (D:1)
  A giant cockroach (D:1)
  2 goblins (D:1)
  2 hobgoblins (D:1)
  A kobold (D:1)
  A quokka (D:1)
11 creatures vanquished.

Notes
Turn   | Place    | Note
-------+----------+-------------------------------------------
     0 | D:1      | koil the Ogre Cinder Acolyte began the quest for the Orb.
     0 | D:1      | Reached XP level 1. HP: 24/24 MP: 2/2
   132 | D:1      | Reached XP level 2. HP: 31/32 MP: 2/4
   176 | D:1      | Slain by a kobold

Illustrated notes

Levels and vault maps discovered:
D:1:      onia_arrival_pentagram, layout_basic, st_stairs_1

Action                   || total
-------------------------++-------
Melee: Hand axe          ||    43
Armor: Robe              ||    24
Dodge: Dodged            ||    30

Table legend: (Time is in decaauts)
 A = Elapsed time spent in this place.
 B = Non-inter-level travel time spent in this place.
 C = Inter-level travel time spent in this place.
 D = Time resting spent in this place.
 E = Time spent auto-exploring this place.
 F = Levels seen in this place.
 G = Mean time per level.
                   A        B        C        D        E       F      G
               +--------+--------+--------+--------+--------+-----+--------+
         Total |    182 |    182 |      0 |      0 |    101 |   1 |  182.0 |
       Dungeon |    182 |    182 |      0 |      0 |    101 |   1 |  182.0 |
               +--------+--------+--------+--------+--------+-----+--------+

Top non-repeatable levels by time:
     D:1: 182 daAuts
